 Dungeon Crawl Stone Soup version 0.19.3-1-g3169bf9 (console) character file.

1941 Kloppie the Cleaver (level 8, -3/103 HPs)
             Began as a Mottled Draconian Berserker on Jan 24, 2017.
             Was a Priest of Trog.
             Slain by a hornet (11 damage)
             ... while paralysed by a hornet
             ... on level 7 of the Dungeon.
             The game lasted 00:08:04 (6323 turns).

Kloppie the Cleaver (Mottled Draconian Berserker)   Turns: 6323, Time: 00:08:04

Health: -3/103     AC: 10    Str: 25    XL:     8   Next: 98%
Magic:  8/8        EV:  2    Int:  7    God:    Trog [***...]
Gold:   225        SH:  0    Dex: 13    Spells: 0 memorised, 7 levels left

rFire  + . .     SeeInvis .     a - +2 hand axe
rCold  . . .     Gourm    .     (armour unavailable)
rNeg   . . .     Faith    .     (no shield)
rPois  .         Spirit   .     (helmet restricted)
rElec  .         Reflect  +     h - +2 cloak
rCorr  .         Harm     .     (no gloves)
MR     .....     Clarity  +     (no boots)
Stlth  ..........               r - +3 amulet of reflection
                                x - ring of protection from fire
                                F - +1 ring of protection

@: paralysed, berserking (expiring), lethally poisoned (-3 -> -17), slowed
A: breathe sticky flame splash, unfitting armour, clarity, robust 1, slow
regeneration 1, cold-blooded, AC +6
a: Breathe Sticky Flame, Berserk, Trog's Hand, Burn Spellbooks, Renounce
Religion


You were on level 7 of the Dungeon.
You worshipped Trog.
Trog was most pleased with you.
You were near starving.

You visited 1 branch of the dungeon, and saw 7 of its levels.

You collected 333 gold pieces.
You spent 108 gold pieces at shops.

Inventory:

Hand Weapons
 a - a +2 hand axe (weapon)
 u - a +0 broad axe
 w - a +0 war axe
Armour
 h - a +2 cloak (worn)
 A - a +0 shield
Jewellery
 f - an uncursed ring of resist corrosion
 r - a +3 amulet of reflection (around neck)
 x - a ring of protection from fire (right hand)
 y - an uncursed ring of see invisible
 F - a +1 ring of protection (left hand)
 H - an uncursed amulet of the gourmand {unknown}
Wands
 s - a wand of lightning (14/15)
Scrolls
 c - a scroll of fog
 d - a scroll of blinking
 n - 3 scrolls of remove curse
 p - 3 scrolls of teleportation
 t - 2 scrolls of identify
 C - a scroll of random uselessness
 E - a scroll of enchant armour
 I - a scroll of enchant weapon
Potions
 e - a potion of cancellation
 g - 2 potions of brilliance
 i - 3 potions of berserk rage
 k - a potion of flight
 m - a potion of invisibility
 q - a potion of curing
 v - a potion of ambrosia
 z - a potion of agility
 B - a potion of resistance
 D - a potion of might {unknown}
Books
 l - a book of Frost

   Spells                             Type                      Level
   a - Freeze                         Ice                          1
   b - Throw Frost                    Conjuration/Ice              2
   c - Ozocubu's Armour               Charms/Ice                   3
   d - Throw Icicle                   Conjuration/Ice              4
   e - Summon Ice Beast               Ice/Summoning                4
   Trog disapproves of the use of such an item.
Comestibles
 b - 6 bread rations
 j - 11 fruits
 o - 3 meat rations
 G - a slice of pizza


   Skills:
 - Level 3.2 Fighting
 + Level 8.9 Axes
 + Level 8.0 Dodging


You had 7 spell levels left.
You didn't know any spells.

Dungeon Overview and Level Annotations

Branches:
Dungeon (7/15)             Temple (0/1) D:7

Altars:
Fedhas
Hepliaklqana
Qazlal
Ru
Sif Muna

Shops:
D:4 *


Innate Abilities, Weirdness & Mutations

You can spit globs of burning liquid.
You can ignite nearby creatures when you spit burning liquid.
Your weird mottled scales are hard. (AC +6)
You cannot fit into any form of body armour.
You are cold-blooded and may be slowed by cold attacks.
You possess an exceptional clarity of mind.
You are robust. (+10% HP)
You regenerate slowly when monsters are visible.


Message History

The hornet stings you.
* * * LOW HITPOINT WARNING * * *
You suddenly lose the ability to move!
The hornet stings you!
* * * LOW HITPOINT WARNING * * *
You feel as though you will be slow longer.
The hornet stings you but does no damage.
An orc wizard comes into view. It is wielding a dagger.
You feel sick.
The orc wizard shouts!
The hornet stings you!
* * * LOW HITPOINT WARNING * * *
You feel as though you will be slow longer.
The orc wizard miscasts a cantrip.
The hornet stings you!
* * * LOW HITPOINT WARNING * * *
You are lethally poisoned!
You feel as though you will be slow longer.
* * * LOW HITPOINT WARNING * * *
You feel sick. The hornet stings you!
You die...

#........#.....# .
#..............# ..
##........#.....#..S
#####...###...#.......#
.........................#
...........#...).###....#.#
..............((.#####.##...#
...............####....#..###
................@yoO.........
..............########o#.##.#
............>.# #.#.#
........(.....# #.. #
...........##'# #.##
..........##P.P# ..#
........###P...P# ..
........# #P.>.P#
......#.###P...P#


You could see a hornet, an ogre, an orc wizard and an orc.

Vanquished Creatures
  Sigmund (D:6)
  Eustachio (D:4)
  Menkaure (D:4)
  2 ice beasts
  2 ogres
  The ghost of Kloppie the Chopper, an amateur DgFi (D:3)
  A phantom (D:5)
  2 sky beasts (D:6)
  2 centaurs
  4 crimson imps
  A bullfrog zombie (D:5)
  A centaur zombie (D:6)
  2 hounds
  A centaur skeleton (D:5)
  3 orc wizards
  2 iguanas
  2 worker ants
  A hound zombie (D:7)
  Robin (D:2)
  9 adders
  An adder zombie (D:6)
  An adder skeleton (D:5)
  4 worms
  A dart slug (D:2)
  4 leopard geckos
  14 orcs
  9 bats
  4 giant cockroaches
  14 goblins
  8 hobgoblins
  7 jackals
  4 quokkas
  6 frilled lizards
  A giant cockroach zombie (D:5)
  8 kobolds
  6 rats
132 creatures vanquished.

Notes
Turn   | Place    | Note
-------+----------+-------------------------------------------
     0 | D:1      | Kloppie the Draconian Berserker began the quest for the Orb.
     0 | D:1      | Reached XP level 1. HP: 19/19 MP: 1/1
   295 | D:1      | Reached XP level 2. HP: 26/26 MP: 2/2
   713 | D:2      | Noticed Robin
   842 | D:1      | Reached XP level 3. HP: 20/31 MP: 3/3
  1059 | D:2      | Killed Robin
  1221 | D:2      | Reached ** piety under Trog
  1345 | D:2      | Reached XP level 4. HP: 38/38 MP: 4/4
  1665 | D:2      | Found a deep blue altar of Sif Muna.
  2058 | D:3      | Noticed Kloppie's ghost (amateur DgFi)
  2073 | D:3      | Killed Kloppie's ghost
  2073 | D:3      | Reached XP level 5. HP: 44/45 MP: 5/5
  2383 | D:3      | Found a hazy altar of Hepliaklqana.
  2678 | D:3      | Reached skill level 5 in Axes
  2821 | D:3      | Reached *** piety under Trog
  3055 | D:4      | Noticed Menkaure
  3056 | D:4      | Noticed Eustachio
  3081 | D:4      | Killed Eustachio
  3081 | D:4      | Reached skill level 5 in Dodging
  3081 | D:4      | Reached XP level 6. HP: 19/51 MP: 6/6
  3084 | D:4      | Killed Menkaure
  3256 | D:4      | Found Kaowam's Assorted Antiques.
  3266 | D:4      | Bought a ruby potion for 17 gold pieces
  3266 | D:4      | Bought 2 smoky amethyst potions for 34 gold pieces
  3266 | D:4      | Bought a scroll labeled WUATIA PAKHLIU for 19 gold pieces
  3266 | D:4      | Bought a scroll of identify for 38 gold pieces
  3326 | D:4      | Found a sacrificial altar of Ru.
  3465 | D:4      | Found a stormy altar of Qazlal.
  3502 | D:4      | Found a blossoming altar of Fedhas.
  3524 | D:4      | Your scales start taking on a weird mottled colour.
  3524 | D:4      | Reached XP level 7. HP: 11/57 MP: 7/7
  4089 | D:5      | Entered Level 5 of the Dungeon
  4787 | D:5      | Reached XP level 8. HP: 63/63 MP: 8/8
  5160 | D:6      | Noticed Sigmund
  5174 | D:6      | Killed Sigmund
  5198 | D:6      | Gained mutation: You regenerate slowly when monsters are visible. [potion of mutation]
  5198 | D:6      | Gained mutation: You possess an exceptional clarity of mind. [potion of mutation]
  5198 | D:6      | Gained mutation: You are robust. (+10% HP) [potion of mutation]
  6084 | D:7      | Found a staircase to the Ecumenical Temple.
  6302 | D:7      | Noticed a hornet
  6320 | D:7      | Paralysed by a hornet for 3 turns
  6323 | D:7      | Slain by a hornet

Skill      XL: |  1  2  3  4  5  6  7  8 |
---------------+-------------------------+-----
Dodging        | 3 4 5 6 8 |  8.0
Axes           | 4 5 6 7 8 |  8.9
Fighting       | |  3.2

Action                   |  1- 3 |  4- 6 |  7- 9 || total
-------------------------+-------+-------+-------++-------
Melee: Hand axe          |    80 |   169 |   266 ||   515
       Tailslap          |     7 |    17 |    35 ||    59
Invok: Berserk           |     1 |     3 |     6 ||    10
       Trog's Hand       |       |     1 |       ||     1
  Use: Scroll            |       |     7 |     9 ||    16
       Potion            |       |       |     9 ||     9
 Stab: Sleeping          |       |     1 |     2 ||     3
  Eat: Chunk             |     2 |     9 |    15 ||    26
Armor: Skin              |    38 |    46 |    64 ||   148
Dodge: Dodged            |    65 |   147 |   140 ||   352
Block: Other             |       |     5 |    22 ||    27
       Reflection        |       |     1 |       ||     1
